 Dungeon Crawl Stone Soup version 0.22.1-1-ga44c0e5 (webtiles) character file.

329 ketsa the Chiller (level 6, 45/45 HPs)
             Began as a Demigod Ice Elementalist on Sept 30, 2018.
             Got out of the dungeon alive.
             The game lasted 00:19:02 (4837 turns).

ketsa the Chiller (Demigod Ice Elementalist)        Turns: 4837, Time: 00:19:02

Health: 45/45      AC:  5    Str: 11    XL:     6   Next: 4%
Magic:  13/13      EV: 13    Int: 23    God:
Gold:   213        SH:  0    Dex: 16    Spells: 7/10 levels left

rFire    + . .     SeeInvis .   h - +0 whip
rCold    x . .     Gourm    .   (no shield)
rNeg     . . .     Faith    .   q - +0 robe
rPois    .         Spirit   .   m - +0 helmet
rElec    .         Reflect  .   (no cloak)
rCorr    .         Harm     .   i - +1 pair of gloves
MR       .....                  (no boots)
Stlth    ++........             (no amulet)
HPRegen  0.15/turn              v - ring of fire
MPRegen  0.13/turn              x - ring of flight

@: no status effects
A: high mp 1
a: Evoke Flight


You escaped.
You were hungry.

You visited 1 branch of the dungeon, and saw 4 of its levels.

You collected 213 gold pieces.

Inventory:

Hand Weapons
 a - a +0 whip
 b - a +0 dagger
 h - a +0 whip (weapon)
Missiles
 g - 60 poisoned needles
 j - 46 sling bullets
 k - 132 stones (quivered)
 y - 33 bolts
Armour
 i - a +1 pair of gloves (worn)
 m - a +0 helmet (worn)
 q - a +0 robe (worn)
Jewellery
 v - a ring of fire (left hand)
 x - a ring of flight (right hand)
Wands
 r - a wand of flame (16)
Scrolls
 d - a scroll of magic mapping {unknown}
 e - 2 scrolls of enchant weapon {unknown}
 f - 3 scrolls of remove curse {unknown}
 l - 2 scrolls of teleportation {unknown}
 s - 3 scrolls of immolation {unknown}
 t - a scroll of fear {unknown}
 u - 2 scrolls of identify {unknown}
 w - a scroll of noise {unknown}
Potions
 n - 3 potions of haste {unknown}
 o - a potion of curing {unknown}
 p - a potion of cancellation {unknown}
Comestibles
 c - 2 rations


   Skills:
 + Level 0.2 Fighting
 + Level 0.3 Maces & Flails
 + Level 3.0 Dodging
 - Level 3.0 Stealth
 + Level 2.8 Spellcasting
 + Level 2.1 Conjurations
 * Level 4.2 Ice Magic


You had 7 spell levels left.
You knew the following spells:

 Your Spells              Type           Power        Failure   Level  Hunger
a - Freeze                Ice            ###.         1%          1    None
b - Throw Frost           Conj/Ice       ###...       4%          2    ##.....

Your spell library contained the following spells:

 Spells                   Type           Power        Failure   Level  Hunger
 Ozocubu's Armour         Chrm/Ice       ##......     14%         3    ###....
 Throw Icicle             Conj/Ice       ###.....     32%         4    ####...
 Summon Ice Beast         Ice/Summ       ##......     43%         4    ####...


Dungeon Overview and Level Annotations

Branches:
Dungeon (4/15)
 Temple: D:4-7


Innate Abilities, Weirdness & Mutations

You have an increased reservoir of magic. (+10% MP)


Message History

Where to? (Enter - D:4 @ (x,y), ? - help)
What level of the Dungeon? (default 1, ? - help)
There is a stone staircase leading up here.
You climb upwards.
There is a stone staircase leading down here.
There is a stone staircase leading up here.
You climb upwards.
There is a stone staircase leading down here.
There is a stone staircase leading up here.
You climb upwards.
There is a stone staircase leading down here.
You can't go up here!
(D) Dungeon
Where to? (Enter - D:1, ? - help)
Okay, then.
There is an open door here.
There is an open door here.
There is a staircase leading out of the dungeon here.
Are you sure you want to leave the Dungeon?
This will make you lose the game!
You have escaped!

#.## #.#.#.#.# #.# #..#
#.#.....# #.# ##.# #.###.#.#
#.# #.# #.....#.# #.#
#.#########.# #.########
#.##≈≈≈♣###.# #.........
#.#≈≈≈♣..##.##############
#.#♣♣♣..###.......).######
#.'......@#.#######.....##
#.#♣♣♣..###.# #.###.##
########.#≈≈≈♣..##.# #.#
#.##
.........##≈≈≈♣###.#######.#
#.##
#######.)#########.##......#
#.## #............##.######
#.## ######.#.>#####.# #.##
#.##.# #.# #)## #....#####.#
#.##


There were no monsters in sight!

Vanquished Creatures
  An ogre (D:4)
  An iguana (D:4)
  Terence (D:3)
  2 worker ants (D:4)
  5 adders
  2 oozes
  5 worms
  A dart slug (D:1)
  4 leopard geckos
  7 orcs (D:3)
  2 giant cockroaches
  10 goblins
  8 hobgoblins
  10 jackals
  2 ball pythons
  2 bats
  3 frilled lizards
  5 kobolds
  4 rats
75 creatures vanquished.

Notes
Turn   | Place    | Note
-------+----------+-------------------------------------------
     0 | D:1      | ketsa the Demigod Ice Elementalist began the quest for the
                  | Orb.
     0 | D:1      | Reached XP level 1. HP: 14/14 MP: 5/5
   347 | D:1      | Reached XP level 2. HP: 12/20 MP: 2/7
   489 | D:1      | Learned a level 2 spell: Throw Frost
   631 | D:1      | Reached skill level 3 in Ice Magic
  1178 | D:2      | Found a bloodstained altar of Trog.
  1343 | D:2      | Reached XP level 3. HP: 24/26 MP: 1/8
  1750 | D:2      | Reached skill level 1 in Conjurations
  2322 | D:3      | Noticed Terence
  2489 | D:3      | Reached XP level 4. HP: 19/33 MP: 10/10
  2890 | D:3      | Killed Terence
  3683 | D:4      | Found a basalt altar of Yredelemnul.
  3689 | D:4      | Found a hide-covered altar of Uskayaw.
  3689 | D:4      | Noticed an ogre
  3697 | D:4      | Killed an ogre
  3697 | D:4      | Reached skill level 4 in Ice Magic
  3697 | D:4      | Reached XP level 5. HP: 29/38 MP: 2/11
  3955 | D:4      | Noticed an angel
  3989 | D:4      | Found a glowing silver altar of Zin.
  3989 | D:4      | Found a shimmering altar of Xom.
  4652 | D:4      | Reached XP level 6. HP: 40/45 MP: 6/13
  4837 | D:$      | Got out of the dungeon alive.

Skill      XL: |  1  2  3  4  5 |
---------------+----------------+-----
Stealth        | 2 3 |  3.0
Dodging        | 2 3 |  3.0
Spellcasting   | 2 |  2.8
Ice Magic      | 3 4 |  4.2
Conjurations   | 1 2 |  2.1
Fighting       | |  0.2
Maces & Flails | |  0.3

Action                   |  1- 3 |  4- 6 || total
-------------------------+-------+-------++-------
Melee: Whip              |    82 |    62 ||   144
Throw: Stone             |    16 |     8 ||    24
 Cast: Freeze            |    51 |    38 ||    89
       Throw Frost       |     9 |    20 ||    29
 Stab: Sleeping          |     4 |     4 ||     8
  Eat: Chunk             |     6 |     7 ||    13
Armor: Robe              |    28 |    15 ||    43
Dodge: Dodged            |    63 |    39 ||   102
